 Dungeon Crawl Stone Soup version 0.21.1-1-g345015f (webtiles) character file.

569 zishaf the Chopper (level 7, 33/61 HPs)
             Began as a Minotaur Berserker on May 12, 2018.
             Was a Priest of Trog.
             Quit the game on level 5 of the Dungeon.
             The game lasted 00:11:25 (3139 turns).

zishaf the Chopper (Minotaur Berserker)             Turns: 3139, Time: 00:11:26

Health: 33/61      AC:  7    Str: 23    XL:     7   Next: 11%
Magic:  6/6        EV: 11    Int:  4    God:    Trog [***...]
Gold:   278        SH:  0    Dex: 10    Spells: 6/6 levels left

rFire    . . .     SeeInvis .   r - +1 halberd (curse)
rCold    . . .     Gourm    .   (shield currently unavailable)
rNeg     . . .     Faith    .   d - +0 scale mail (curse)
rPois    .         Spirit   .   (helmet restricted)
rElec    .         Reflect  .   (no cloak)
rCorr    .         Harm     .   (no gloves)
MR       .....                  (no boots)
Stlth    ..........             (no amulet)
HPRegen  0.20/turn              (no ring)
MPRegen  0.10/turn              (no ring)

@: mildly poisoned (33 -> 32)
A: retaliatory headbutt, horns 2
a: Berserk, Trog's Hand, Burn Spellbooks, Renounce Religion


You were on level 5 of the Dungeon.
You worshipped Trog.
Trog was most pleased with you.
You were not hungry.

You visited 1 branch of the dungeon, and saw 5 of its levels.

You collected 278 gold pieces.

Inventory:

Hand Weapons
 a - a +0 hand axe
 r - a cursed +1 halberd (weapon)
Armour
 d - a cursed +0 scale mail (worn)
 n - a +0 plate armour
Jewellery
 l - a +4 ring of strength {unknown}
Wands
 f - a wand of disintegration (7)
 x - a wand of random effects (34)
Scrolls
 g - a scroll of blinking
 k - a scroll of remove curse {unknown}
 p - 4 scrolls of identify {unknown}
 q - 2 scrolls of teleportation {unknown}
 s - a scroll of fog {unknown}
 t - 2 scrolls of amnesia {unknown}
 u - a scroll of immolation {unknown}
 v - a scroll of enchant weapon {unknown}
Potions
 b - a potion of agility {unknown}
 e - a potion of invisibility {unknown}
 h - a potion of heal wounds {unknown}
 i - a potion of resistance {unknown}
 j - a potion of curing {unknown}
 m - 2 potions of haste {unknown}
 o - a potion of brilliance {unknown}
Comestibles
 c - 8 rations
 w - 4 chunks of flesh


   Skills:
 - Level 5.0 Fighting
 - Level 5.9(6.8) Axes
 + Level 5.1(6.4) Polearms
 - Level 4.3 Armour
 - Level 3.2 Dodging
 - Level 0.2 Stealth


You had 6 spell levels left.
You didn't know any spells.

Dungeon Overview and Level Annotations

Branches:
Dungeon (5/15)
 Temple: D:4-7

Altars:
Elyvilon
Gozag
Qazlal
Uskayaw
Vehumet


Innate Abilities, Weirdness & Mutations

You reflexively headbutt those who attack you in melee.
You have a pair of horns on your head.


Message History

The worker ant bites you.
You are poisoned.
The worker ant poisons you! The worker ant misses you.
You impale the worker ant!!
You kill the worker ant!
Trog accepts your kill.
Your base Polearms skill increases to level 5!
You feel sick.
No target in view!
No target in view!
You feel sick.
You feel sick.
Found a leather armour.
A worker ant comes into view.
You feel sick.
The worker ant twitches its antennae in your direction.
The worker ant moves out of view.
Quiver which item? (- for none, * to show all) (? for menu, Esc to quit)
Okay, then.
Are you sure you want to abandon this character and quit the game? (Confirm with "yes".)

+.....#.......#
#.....#.......#
#.....#........
#......########
#.............
....####.####...
.... ###.#
###### ...
#...## ...... ..
#..@.# ......
#......_.......
......
...###....##...
...... [..
##...# . ......
.. #.### ......
. #.# ###### ...
..... ... .....


There were no monsters in sight!

Vanquished Creatures
  A centaur (D:5)
  A bullfrog (D:4)
  3 wights (D:3)
  A centaur zombie (D:5)
  Jessica (D:2)
  Natasha (D:3)
  A worker ant (D:5)
  A hound skeleton (D:3)
  Robin (D:3)
  8 adders
  An adder skeleton (D:4)
  3 worms
  A dart slug (D:4)
  2 leopard geckos (D:3)
  2 orcs
  7 bats
  4 giant cockroaches
  7 hobgoblins
  7 jackals
  5 quokkas
  8 frilled lizards
  13 goblins
  A jackal zombie (D:5)
  11 kobolds
  A leopard gecko skeleton (D:5)
  11 rats
103 creatures vanquished.

Notes
Turn   | Place    | Note
-------+----------+-------------------------------------------
     0 | D:1      | zishaf the Minotaur Berserker began the quest for the Orb.
     0 | D:1      | Reached XP level 1. HP: 19/19 MP: 0/0
   104 | D:1      | Reached XP level 2. HP: 27/27 MP: 1/1
   368 | D:1      | Reached ** piety under Trog
   761 | D:2      | Reached XP level 3. HP: 23/33 MP: 2/2
  1014 | D:2      | Found a hide-covered altar of Uskayaw.
  1087 | D:2      | Noticed Jessica
  1096 | D:2      | Killed Jessica
  1096 | D:2      | Reached XP level 4. HP: 41/41 MP: 3/3
  1554 | D:2      | Found a white marble altar of Elyvilon.
  1751 | D:3      | Reached skill level 5 in Axes
  1771 | D:3      | Reached XP level 5. HP: 43/47 MP: 4/4
  1860 | D:3      | Reached *** piety under Trog
  1875 | D:3      | Reached skill level 5 in Fighting
  1878 | D:3      | Reached XP level 6. HP: 54/56 MP: 5/5
  2049 | D:3      | Noticed Robin
  2052 | D:3      | Killed Robin
  2054 | D:3      | Reached skill level 1 in Polearms
  2176 | D:3      | Found an opulent altar of Gozag.
  2178 | D:3      | Found a radiant altar of Vehumet.
  2216 | D:3      | Noticed Natasha
  2220 | D:3      | Killed Natasha
  2977 | D:5      | Entered Level 5 of the Dungeon
  3077 | D:5      | Reached XP level 7. HP: 32/61 MP: 6/6
  3128 | D:5      | Found a stormy altar of Qazlal.
  3132 | D:5      | Reached skill level 5 in Polearms
  3139 | D:5      | Quit the game

Skill      XL: |  1  2  3  4  5  6  7 |
---------------+----------------------+-----
Axes           | 4 5 |  5.9
Fighting       | 4 5 |  5.0
Armour         | 3 4 |  4.3
Dodging        | 3 |  3.2
Polearms       | 4 5 |  5.1
Stealth        | |  0.2

Action                   |  1- 3 |  4- 6 |  7- 9 || total
-------------------------+-------+-------+-------++-------
Melee: Hand axe          |    82 |    92 |       ||   174
       Headbutt          |     6 |    26 |     4 ||    36
       Halberd           |       |    62 |     8 ||    70
Invok: Berserk           |     1 |     1 |       ||     2
  Use: Scroll            |       |     1 |       ||     1
  Eat: Chunk             |     1 |     8 |       ||     9
Armor: Scale mail        |    44 |    49 |     1 ||    94
Dodge: Dodged            |    42 |    77 |     5 ||   124
